EL
JACKSON GENERALS @ CORPUS CHRISTI HOOKS
05/16/2048
 
TOP OF THE 1ST
Jackson Generals batting - Pitching for Corpus Christi Hooks : RHP Josh Willig
Pitching: RHP Josh Willig
Batting: RHB Ryan Criollo 0-0: Ball
1-0: Ground out 5-3 (Groundball, 5, EV 93.1 MPH)
Batting: LHB Brent Dutcher 0-0: Swinging Strike
0-1: Ball
1-1: Ball
2-1: Swinging Strike
2-2: Strikes out swinging
Batting: RHB Julian Gregory 0-0: Called Strike
0-1: Ball
1-1: Called Strike
1-2: SINGLE (Groundball, P, EV 77.5 MPH) (infield hit)
Batting: RHB Mike Conaway 0-0: Called Strike
0-1: Fly out, F9 (Flyball, 9D, EV 108.1 MPH)
Top of the 1st over - 0 runs, 1 hit, 0 errors, 1 left on base; Jackson 0 - Corpus Christi 0
BOTTOM OF THE 1ST
Corpus Christi Hooks batting - Pitching for Jackson Generals : RHP Frank Kats
Pitching: RHP Frank Kats
Batting: RHB Ben Hoffman 0-0: Called Strike
0-1: Ball
1-1: Foul Ball, location: 2F
1-2: Ball
2-2: Fly out, F8 (Flyball, 8RD, EV 76.9 MPH)
Batting: LHB Josh Corkery 0-0: Called Strike
0-1: Ball
1-1: Called Strike
1-2: Strikes out swinging
Batting: LHB Angelo Vasquez 0-0: Called Strike
0-1: Foul Ball, location: 2F
0-2: Ground out 1-3 (Groundball, 15S, EV 70.6 MPH)
Bottom of the 1st over - 0 runs, 0 hits, 0 errors, 0 left on base; Jackson 0 - Corpus Christi 0
TOP OF THE 2ND
Jackson Generals batting - Pitching for Corpus Christi Hooks : RHP Josh Willig
Batting: RHB Adan Lake 0-0: Ground out 4-3 (Groundball, 4M, EV 91.9 MPH)
Batting: SHB Brendan Bundy 0-0: Ball
1-0: Ground out 6-3 (Groundball, 6, EV 90.6 MPH)
Batting: RHB Ching-hsia Zhang 0-0: SINGLE (Line Drive, 8RS, EV 89.4 MPH)
Batting: RHB Justin Colella 0-0: Called Strike
0-1: Ball
1-1: Ball
2-1: Called Strike
2-2: Ball
3-2: SINGLE (Line Drive, 4D, EV 96.2 MPH)
Ching-hsia Zhang to second
Ching-hsia Zhang to third
Batting: RHB Egidius Kruger 0-0: Called Strike
0-1: Swinging Strike
0-2: Foul Ball, location: 2F
0-2: Foul Ball, location: 2F
0-2: Ball
1-2: Ground out 6-3 (Groundball, 6S, EV 85.6 MPH)
Top of the 2nd over - 0 runs, 2 hits, 0 errors, 2 left on base; Jackson 0 - Corpus Christi 0
BOTTOM OF THE 2ND
Corpus Christi Hooks batting - Pitching for Jackson Generals : RHP Frank Kats
Batting: LHB Josh Birkner 0-0: Called Strike
0-1: Foul Ball, location: 2F
0-2: Ground out 1-3 (Groundball, 23, EV 73.8 MPH)
Batting: LHB Mark Dearth 0-0: Called Strike
0-1: Ball
1-1: Fly out, F8 (Flyball, 8RD, EV 103.8 MPH)
Batting: RHB Edgar Trejo 0-0: Called Strike
0-1: Foul Ball, location: 2F
0-2: Ball
1-2: Ball
2-2: Ball
3-2: SINGLE (Groundball, 56D, EV 94.4 MPH)
Batting: RHB Masaru Konno 0-0: Called Strike
0-1: Ground out 6-3 (Groundball, 6M, EV 91.2 MPH)
Bottom of the 2nd over - 0 runs, 1 hit, 0 errors, 1 left on base; Jackson 0 - Corpus Christi 0
TOP OF THE 3RD
Jackson Generals batting - Pitching for Corpus Christi Hooks : RHP Josh Willig
Batting: RHB Ryan Criollo 0-0: Ball
1-0: Ground out 5-3 (Groundball, 5L, EV 107.5 MPH)
Batting: LHB Brent Dutcher 0-0: Called Strike
0-1: Ball
1-1: Ground out 6-3 (Groundball, 6, EV 97.5 MPH)
Batting: RHB Julian Gregory 0-0: Called Strike
0-1: Ball
1-1: Foul Ball, location: 2F
1-2: Ball
2-2: SINGLE (Line Drive, 6MD, EV 100.0 MPH)
Batting: RHB Mike Conaway 0-0: Called Strike
Julian Gregory steals 2nd base
0-1: Called Strike
0-2: Ball
1-2: Ball
2-2: Foul Ball, location: 2F
2-2: Foul Ball, location: 2F
2-2: SINGLE (Groundball, 6MD, EV 95.6 MPH)
Julian Gregory to third
Runner from 3rd tries for Home, SAFE, throw by CF to home
Batting: RHB Adan Lake 0-0: Ground out 4-3 (Groundball, 34, EV 108.1 MPH)
Top of the 3rd over - 1 run, 2 hits, 0 errors, 1 left on base; Jackson 1 - Corpus Christi 0
BOTTOM OF THE 3RD
Corpus Christi Hooks batting - Pitching for Jackson Generals : RHP Frank Kats
Batting: LHB John Wagner 0-0: Called Strike
0-1: Ball
1-1: Ball
2-1: Ball
3-1: Base on Balls
Batting: RHB Ben Minge 0-0: Grounds into double play, 6-4-3 (Groundball, 6, EV 80.6 MPH)
Batting: RHB Ben Hoffman 0-0: Fly out, F8 (Flyball, 89M, EV 78.8 MPH)
Bottom of the 3rd over - 0 runs, 0 hits, 0 errors, 0 left on base; Jackson 1 - Corpus Christi 0
TOP OF THE 4TH
Jackson Generals batting - Pitching for Corpus Christi Hooks : RHP Josh Willig
Batting: SHB Brendan Bundy 0-0: Ball
1-0: DOUBLE (Line Drive, 9LD, EV 111.9 MPH)
Batting: RHB Ching-hsia Zhang 0-0: Called Strike
0-1: Ground out 4-3 (Groundball, 4, EV 101.2 MPH)
Brendan Bundy to third
Batting: RHB Justin Colella 0-0: Called Strike
0-1: Foul Ball, location: 2F
0-2: Strikes out swinging
Batting: RHB Egidius Kruger 0-0: Ball
1-0: Ball
2-0: Called Strike
2-1: Fly out, F8 (Flyball, 89D, EV 100.0 MPH)
Top of the 4th over - 0 runs, 1 hit, 0 errors, 1 left on base; Jackson 1 - Corpus Christi 0
BOTTOM OF THE 4TH
Corpus Christi Hooks batting - Pitching for Jackson Generals : RHP Frank Kats
Batting: LHB Josh Corkery 0-0: Ball
1-0: TRIPLE (Flyball, 9LD, EV 109.4 MPH)
Batting: LHB Angelo Vasquez 0-0: Called Strike
0-1: Foul Ball, location: 2F
0-2: Foul Ball, location: 2F
0-2: Hit by Pitch
Batting: LHB Josh Birkner 0-0: Ball
1-0: Called Strike
1-1: Swinging Strike
1-2: Ball
2-2: Ball
3-2: Base on Balls
Angelo Vasquez to second
Batting: LHB Mark Dearth 0-0: Called Strike
0-1: Ball
1-1: Foul Ball, location: 2F
1-2: Ball
2-2: Ball
3-2: Base on Balls
Josh Corkery scores
Angelo Vasquez to third
Josh Birkner to second
Batting: RHB Edgar Trejo 0-0: Called Strike
0-1: Ball
1-1: SINGLE (Groundball, 34D, EV 98.1 MPH)
Angelo Vasquez scores
Josh Birkner to third
Mark Dearth to second
Runner from 3rd tries for Home, SAFE, throw by RF to home
Batting: RHB Masaru Konno 0-0: Called Strike
0-1: Swinging Strike
0-2: Fly out, F8 (Flyball, 8RD, EV 98.1 MPH)
Batting: LHB John Wagner 0-0: Ball
1-0: Ball
2-0: Ball
3-0: Called Strike
3-1: Foul Ball, location: 2F
3-2: Foul Ball, location: 2F
3-2: Grounds out, U3 (Groundball, 3L, EV 86.2 MPH)
Mark Dearth to third
Batting: RHB Ben Minge 0-0: Foul Ball, location: 2F
0-1: Ball
1-1: Ground out 5-3 (Groundball, 56, EV 81.2 MPH)
Bottom of the 4th over - 3 runs, 2 hits, 0 errors, 2 left on base; Jackson 1 - Corpus Christi 3
TOP OF THE 5TH
Jackson Generals batting - Pitching for Corpus Christi Hooks : RHP Josh Willig
Batting: RHB Ryan Criollo 0-0: Ball
1-0: Ball
2-0: Called Strike
2-1: Foul Ball, location: 2F
2-2: SINGLE (Line Drive, 56D, EV 101.2 MPH)
Batting: LHB Brent Dutcher 0-0: Ball
1-0: Ball
2-0: Called Strike
2-1: Foul Ball, location: 2F
2-2: Ball
3-2: Foul Ball, location: 2F
3-2: Strikes out swinging
Ryan Criollo steals 2nd base
Batter strikes out.
Batting: RHB Julian Gregory 0-0: Ball
1-0: Swinging Strike
1-1: Ball
2-1: Called Strike
2-2: Strikes out swinging
Batting: RHB Mike Conaway 0-0: Called Strike
0-1: Ground out 6-3 (Groundball, 56, EV 81.9 MPH)
Top of the 5th over - 0 runs, 1 hit, 0 errors, 1 left on base; Jackson 1 - Corpus Christi 3
BOTTOM OF THE 5TH
Corpus Christi Hooks batting - Pitching for Jackson Generals : RHP Frank Kats
Batting: RHB Ben Hoffman 0-0: Foul Ball, location: 2F
0-1: Ball
1-1: Called Strike
1-2: Ground out U3 (Groundball, 13, EV 86.2 MPH)
Batting: LHB Josh Corkery 0-0: Ball
1-0: Ball
2-0: Called Strike
2-1: Foul Ball, location: 2F
2-2: Strikes out swinging
Batting: LHB Angelo Vasquez 0-0: Ball
1-0: Ball
2-0: Foul Ball, location: 2F
2-1: Ball
3-1: Base on Balls
Pitching: RHP Adam Fair
Batting: LHB Josh Birkner 0-0: Ball
1-0: Foul Ball, location: 2F
1-1: Foul Ball, location: 2F
1-2: Ball
2-2: Fielders Choice at 2nd, U6 (Groundball, 4MD, EV 83.8 MPH)
Bottom of the 5th over - 0 runs, 0 hits, 0 errors, 1 left on base; Jackson 1 - Corpus Christi 3
TOP OF THE 6TH
Jackson Generals batting - Pitching for Corpus Christi Hooks : RHP Josh Willig
Batting: RHB Adan Lake 0-0: Fly out, F9 (Line Drive, 9LS, EV 95.0 MPH)
Batting: SHB Brendan Bundy 0-0: Ball
1-0: Ball
2-0: Ball
3-0: Called Strike
3-1: Foul Ball, location: 2F
3-2: DOUBLE (Line Drive, 7LM, EV 111.9 MPH)
Batting: RHB Ching-hsia Zhang 0-0: Ball
1-0: Foul Ball, location: 2F
1-1: Foul Ball, location: 2F
1-2: Strikes out looking
Batting: RHB Justin Colella 0-0: Ground out 5-3 (Groundball, 56, EV 86.2 MPH)
Top of the 6th over - 0 runs, 1 hit, 0 errors, 1 left on base; Jackson 1 - Corpus Christi 3
BOTTOM OF THE 6TH
Corpus Christi Hooks batting - Pitching for Jackson Generals : RHP Adam Fair
Batting: LHB Mark Dearth 0-0: Ball
1-0: Called Strike
1-1: Ball
2-1: Ball
3-1: SINGLE (Line Drive, 8RS, EV 95.6 MPH)
Batting: RHB Edgar Trejo 0-0: Ball
1-0: Called Strike
1-1: Ball
2-1: Ball
3-1: SINGLE (Line Drive, 8RS, EV 105.6 MPH)
Mark Dearth to second
Batting: RHB Masaru Konno 0-0: Swinging Strike
0-1: Ball
1-1: Swinging Strike
1-2: Ball
2-2: Ball
3-2: Fly out, F9 (Flyball, 89S, EV 76.9 MPH)
Batting: LHB John Wagner 0-0: Called Strike
0-1: Ball
1-1: Ball
2-1: Foul Ball, location: 2F
2-2: Fly out, F8 (Flyball, 8RD, EV 96.2 MPH)
Batting: RHB Ben Minge 0-0: Ball
1-0: Called Strike
1-1: Swinging Strike
1-2: SINGLE (Line Drive, 89M, EV 100.0 MPH)
Mark Dearth to third
Edgar Trejo to second
Batting: RHB Ben Hoffman 0-0: Called Strike
0-1: Ball
1-1: Foul Ball, location: 2F
1-2: Strikes out looking
Bottom of the 6th over - 0 runs, 3 hits, 0 errors, 3 left on base; Jackson 1 - Corpus Christi 3
TOP OF THE 7TH
Jackson Generals batting - Pitching for Corpus Christi Hooks : RHP Josh Willig
Batting: RHB Egidius Kruger 0-0: Called Strike
0-1: SOLO HOME RUN (Flyball, 78XD, EV 98.1 MPH), Distance : 390 ft
Batting: RHB Ryan Criollo 0-0: Ball
1-0: Swinging Strike
1-1: Foul Ball, location: 2F
1-2: Ground out 4-3 (Groundball, 34, EV 110.0 MPH)
Batting: LHB Brent Dutcher 0-0: Ball
1-0: Foul Ball, location: 2F
1-1: SINGLE (Groundball, 4D, EV 96.2 MPH)
Batting: RHB Julian Gregory 0-0: Ball
1-0: Swinging Strike
1-1: Ball
Brent Dutcher steals 2nd base (no throw)
2-1: Foul Ball, location: 2F
2-2: Strikes out swinging
Batting: RHB Mike Conaway 0-0: Hit by Pitch
Batting: RHB Adan Lake 0-0: Called Strike
0-1: Swinging Strike
0-2: Strikes out looking
Top of the 7th over - 1 run, 2 hits, 0 errors, 2 left on base; Jackson 2 - Corpus Christi 3
BOTTOM OF THE 7TH
Corpus Christi Hooks batting - Pitching for Jackson Generals : RHP Adam Fair
Pitching: RHP Raul Lopez
Batting: LHB Josh Corkery 0-0: Ball
1-0: Foul Ball, location: 2F
1-1: Ground out 6-3 (Groundball, 6M, EV 100.0 MPH)
Batting: LHB Angelo Vasquez 0-0: Foul Ball, location: 2F
0-1: Foul Ball, location: 2F
0-2: Ball
1-2: Ball
2-2: Foul Ball, location: 2F
2-2: Ball
3-2: Ground out 4-3 (Groundball, 4, EV 98.8 MPH)
Batting: LHB Josh Birkner 0-0: Ground out 6-3 (Groundball, 4, EV 87.5 MPH)
Bottom of the 7th over - 0 runs, 0 hits, 0 errors, 0 left on base; Jackson 2 - Corpus Christi 3
TOP OF THE 8TH
Jackson Generals batting - Pitching for Corpus Christi Hooks : RHP Josh Willig
Pitching: LHP T.J. Westover
Batting: SHB Brendan Bundy 0-0: Ground out 4-3 (Groundball, 4, EV 83.8 MPH)
Batting: RHB Ching-hsia Zhang 0-0: Foul Ball, location: 2F
0-1: Ball
1-1: Fly out, F8 (Flyball, 8RM, EV 93.1 MPH)
Batting: RHB Justin Colella 0-0: Ball
1-0: Swinging Strike
1-1: Foul Ball, location: 2F
1-2: Strikes out swinging
Top of the 8th over - 0 runs, 0 hits, 0 errors, 0 left on base; Jackson 2 - Corpus Christi 3
BOTTOM OF THE 8TH
Corpus Christi Hooks batting - Pitching for Jackson Generals : RHP Raul Lopez
Batting: LHB Mark Dearth 0-0: Called Strike
0-1: Ball
1-1: Ball
2-1: Called Strike
2-2: Strikes out swinging
Batting: RHB Edgar Trejo 0-0: Fly out, F8 (Flyball, 8RD, EV 97.5 MPH)
Batting: RHB Masaru Konno 0-0: Ball
1-0: Ball
2-0: Ball
3-0: Called Strike
3-1: Swinging Strike
3-2: Foul Ball, location: 2F
3-2: DOUBLE (Line Drive, 7LM, EV 103.1 MPH)
Batting: LHB John Wagner 0-0: Ball
1-0: Called Strike
1-1: Ball
2-1: Ball
3-1: Ground out 5-3 (Groundball, 6, EV 98.8 MPH)
Bottom of the 8th over - 0 runs, 1 hit, 0 errors, 1 left on base; Jackson 2 - Corpus Christi 3
TOP OF THE 9TH
Jackson Generals batting - Pitching for Corpus Christi Hooks : LHP T.J. Westover
Batting: RHB Egidius Kruger 0-0: Ball
1-0: Foul Ball, location: 2F
1-1: Swinging Strike
1-2: Fly out, F7 (Flyball, 7, EV 90.6 MPH)
Batting: RHB Ryan Criollo 0-0: Called Strike
0-1: Ball
1-1: SINGLE (Line Drive, 7LM, EV 107.5 MPH)
Pinch Hitting: RHB Tomokazu Sugimoto 0-0: Foul Ball, location: 2F
0-1: Ball
1-1: Ball
2-1: Ground out 6-3 (Groundball, 4MS, EV 91.9 MPH)
Ryan Criollo to second
Batting: RHB Julian Gregory 0-0: Ball
1-0: TRIPLE (Flyball, 89XD, EV 98.8 MPH)
Ryan Criollo scores
Batting: RHB Mike Conaway 0-0: Called Strike
0-1: Called Strike
0-2: Foul Ball, location: 2F
0-2: Fly out, F6 (Popup, 6, EV 61.2 MPH)
Top of the 9th over - 1 run, 2 hits, 0 errors, 1 left on base; Jackson 3 - Corpus Christi 3
BOTTOM OF THE 9TH
Corpus Christi Hooks batting - Pitching for Jackson Generals : RHP Raul Lopez
Pitching: RHP Jose Acevedo
Now at 3B: Tomokazu Sugimoto
Batting: RHB Ben Minge 0-0: Ball
1-0: Called Strike
1-1: Ball
2-1: Foul Ball, location: 2F
2-2: Strikes out looking
Pinch Hitting: LHB Chris Cabrera 0-0: Ball
1-0: Ball
2-0: Called Strike
2-1: Ball
3-1: Base on Balls
Batting: LHB Josh Corkery 0-0: Called Strike
0-1: Swinging Strike
0-2: Strikes out swinging
Pitching: LHP Chan-u Lee
Batting: RHB Sam Spohn 0-0: Ball
1-0: Called Strike
1-1: Ball
2-1: Ball
3-1: Base on Balls
Chris Cabrera to second
Batting: LHB Josh Birkner 0-0: Ground out 4-3 (Groundball, 34, EV 78.1 MPH)
Bottom of the 9th over - 0 runs, 0 hits, 0 errors, 2 left on base; Jackson 3 - Corpus Christi 3
TOP OF THE 10TH
Jackson Generals batting - Pitching for Corpus Christi Hooks : LHP T.J. Westover
Now in LF: Bob Dietz
Now in CF: John Wagner
Batting: RHB Adan Lake 0-0: Foul Ball, location: 2F
0-1: Ball
1-1: Fly out, F8 (Flyball, 8RD, EV 89.4 MPH)
Batting: SHB Brendan Bundy 0-0: Called Strike
0-1: Ball
1-1: Ball
2-1: Ball
3-1: Base on Balls
Batting: RHB Ching-hsia Zhang 0-0: Called Strike
0-1: Ball
1-1: Ball
2-1: Ball
3-1: SINGLE (Line Drive, 34, EV 95.6 MPH)
Brendan Bundy to second
Pitching: RHP Elroy Meulenkamp
Pinch Hitting: LHB Mario Cardona 0-0: Ball
1-0: Bunt missed!
1-1: Bunted foul
1-2: Ball
2-2: SINGLE (Line Drive, 9LS, EV 88.8 MPH)
Brendan Bundy to third
Ching-hsia Zhang to second
Batting: RHB Egidius Kruger 0-0: Called Strike
0-1: Ball
1-1: Ball
2-1: Called Strike
2-2: Foul Ball, location: 2F
2-2: Foul Ball, location: 2F
2-2: Strikes out swinging
Batting: RHB Ryan Criollo 0-0: SINGLE (Groundball, 6D, EV 107.5 MPH)
Brendan Bundy scores
Ching-hsia Zhang to third
Mario Cardona to second
Runner from 3rd tries for Home, SAFE, throw by LF to home
Batting: RHB Tomokazu Sugimoto 0-0: Ball
1-0: Foul Ball, location: 2F
1-1: Fly out, F4 (Flyball, 4D, EV 89.4 MPH)
Top of the 10th over - 2 runs, 3 hits, 0 errors, 2 left on base; Jackson 5 - Corpus Christi 3
BOTTOM OF THE 10TH
Corpus Christi Hooks batting - Pitching for Jackson Generals : LHP Chan-u Lee
Pitching: LHP Ben Burton
Now at C: Victor Rosas
Now at 1B: Mario Cardona
Batting: LHB Mark Dearth 0-0: Foul Ball, location: 2F
0-1: Ball
1-1: Foul Ball, location: 2F
1-2: Fly out, F9 (Flyball, 9, EV 88.8 MPH)
Batting: RHB Edgar Trejo 0-0: Ball
1-0: Called Strike
1-1: Ground out 6-3 (Groundball, 6, EV 103.1 MPH)
Batting: RHB Masaru Konno 0-0: Foul Ball, location: 2F
0-1: DOUBLE (Flyball, 8LXD, EV 101.9 MPH)
Batting: LHB John Wagner 0-0: Ball
1-0: Foul Ball, location: 2F
1-1: DOUBLE (Flyball, 8RXD, EV 103.1 MPH)
Masaru Konno scores
Batting: RHB Ben Minge 0-0: Ball
1-0: Foul Ball, location: 2F
1-1: DOUBLE (Line Drive, 8RXD, EV 106.2 MPH)
John Wagner scores
Batting: LHB Bob Dietz 0-0: Intentional Walk
Pinch Hitting: RHB Workneh Lagat 0-0: Called Strike
0-1: Foul Ball, location: 2F
0-2: Strikes out swinging
Bottom of the 10th over - 2 runs, 3 hits, 0 errors, 2 left on base; Jackson 5 - Corpus Christi 5
TOP OF THE 11TH
Jackson Generals batting - Pitching for Corpus Christi Hooks : RHP Elroy Meulenkamp
Now at 3B: Workneh Lagat
Batting: RHB Julian Gregory 0-0: Called Strike
0-1: Ball
1-1: Called Strike
1-2: Foul Ball, location: 2F
1-2: Strikes out swinging
Batting: RHB Victor Rosas 0-0: Called Strike
0-1: TRIPLE (Groundball, 5L, EV 101.2 MPH)
Batting: RHB Adan Lake 0-0: Called Strike
0-1: Ball
1-1: Ball
2-1: Foul Ball, location: 2F
2-2: SINGLE (Groundball, 6MD, EV 108.1 MPH)
Victor Rosas scores
Batting: SHB Brendan Bundy 0-0: Ball
1-0: Foul Ball, location: 2F
1-1: Swinging Strike
1-2: Grounds into double play, 6-4-3 (Groundball, 6, EV 89.4 MPH)
Top of the 11th over - 1 run, 2 hits, 0 errors, 0 left on base; Jackson 6 - Corpus Christi 5
BOTTOM OF THE 11TH
Corpus Christi Hooks batting - Pitching for Jackson Generals : LHP Ben Burton
Pitching: RHP Bill Porter
Batting: RHB Sam Spohn 0-0: Called Strike
0-1: Foul Ball, location: 2F
0-2: Ball
1-2: Fly out, F8 (Flyball, 89M, EV 84.4 MPH)
Batting: LHB Josh Birkner 0-0: Called Strike
0-1: Fly out, F5 (Popup, 56S, EV 75.0 MPH)
Batting: LHB Mark Dearth 0-0: SINGLE (Groundball, 6D, EV 95.0 MPH)
Batting: RHB Edgar Trejo 0-0: Called Strike
0-1: Ball
1-1: Ball
2-1: Foul Ball, location: 2F
2-2: Ball
3-2: Base on Balls
Mark Dearth to second
Pinch Hitting: LHB Mitchell Casey 0-0: Ball
1-0: Called Strike
1-1: Ball
2-1: Ball
3-1: Base on Balls
Mark Dearth to third
Edgar Trejo to second
Batting: LHB John Wagner 0-0: Called Strike
0-1: Foul Ball, location: 2F
0-2: Strikes out swinging
Bottom of the 11th over - 0 runs, 1 hit, 0 errors, 3 left on base; Jackson 6 - Corpus Christi 5
Tuesday, March 28th , 2023 - OOTP Baseball 23.10 Build 110